 Dungeon Crawl Stone Soup version 0.29.1-2-gbd0b4ee654 (webtiles) character file.

Game seed: 2845090656863588676

110 unlimited1921 the Magician (level 5, 0/35 HPs)
             Began as a Djinni Fire Elementalist on Nov 2, 2022.
             Was an Initiate of the Shining One.
             Killed from afar by an orc wizard (4 damage)
             ... with a magic dart
             ... on level 4 of the Dungeon.
             The game lasted 00:09:15 (5802 turns).

unlimited1921 the Magician (DjFE)                   Turns: 5802, Time: 00:09:16

Health: 0/35       AC:  2    Str:  7    XL:     5   Next: 14%
Gold:   79         EV: 13    Int: 18    God:    the Shining One [......] SH:  0 Dex: 20

rFire   + + .      SeeInvis .   m - +1 dagger (protect)
rCold   x . .      Faith    .   (no shield)
rNeg    . . .      Spirit   .   a - +0 robe
rPois   ∞          Reflect  .   (no helmet)
rElec   .          Harm     .   (no cloak)
rCorr   .          Rampage  .   (no gloves)
Will    .....                   (boots unavailable)
Stlth   +.........              (no amulet)
HPRegen 0.11/turn               d - +6 ring of dexterity
MPRegen 0.00/turn               (no ring)

@: flying, glowing
A: sickness immunity, fire resistance 2, cold vulnerability 1, float, innate
caster, HP casting, extra vitality 1
a: Renounce Religion


You were on level 4 of the Dungeon.
You worshipped the Shining One.
The Shining One was noncommittal.
You visited 2 branches of the dungeon, and saw 4 of its levels.

You collected 79 gold pieces.

Inventory:

Hand Weapons
 m - a +1 dagger of protection (weapon)
Missiles
 n - a throwing net
Armour
 a - a +0 robe (worn)
 h - a +0 leather armour
Jewellery
 d - a +6 ring of dexterity (left hand)
Scrolls
 b - 2 scrolls of fear {unknown}
 c - a scroll of teleportation {unknown}
 e - a scroll of butterflies {unknown}
 f - 2 scrolls of immolation {unknown}
 g - 2 scrolls of identify {unknown}
 j - a scroll of torment {unknown}
 k - a scroll of enchant weapon {unknown}
Potions
 i - a potion of degeneration {unknown}
 l - a potion of cancellation {unknown}


   Skills:
 + Level 2.4 Dodging
 + Level 2.1 Stealth
 + Level 3.9 Spellcasting


You couldn't memorise any spells.
You knew the following spells:

 Your Spells              Type           Power      Damage    Failure   Level
a - Foxfire               Conj/Fire      68%        2x1d7     3%          1
b - Scorch                Fire           34%        2d6       4%          2
c - Conjure Flame         Conj/Fire      17%        6-21      9%          3
d - Inner Flame           Hex/Fire       17%        N/A       9%          3
e - Flame Wave            Conj/Fire      17%        2d7       28%         4
f - Apportation           Tloc           34%        N/A       3%          1
g - Static Discharge      Conj/Air       17%        3-6/arc   4%          2
Your spell library was empty.

Dungeon Overview and Level Annotations

Branches:
Dungeon (4/15)             Temple (1/1) D:4

Altars:
Ashenzari
Cheibriados
Dithmenos
Elyvilon
Fedhas
Makhleb
Nemelex Xobeh
Okawaru
Qazlal
Uskayaw
The Shining One


Innate Abilities, Weirdness & Mutations

You are immune to sickness and miasma.
You are immune to poison.
Your flesh is very heat resistant. (rF++)
You are vulnerable to cold. (rC-)
You float through the air rather than walking.
You learn spells naturally, not from books.
Your magical power is your life essence.
You have superior vitality. (+4 MHP)


Message History

The ufetubus hits you.
The ufetubus hits you but does no damage. x2
Unknown command.
The ufetubus misses you. x2
The ufetubus attacks as you move away! The ufetubus hits you. x4
* * * LOW HITPOINT WARNING * * *
The ufetubus attacks as you move away! The ufetubus closely misses you.
The ufetubus misses you. The ufetubus hits you.
* * * LOW HITPOINT WARNING * * *
The ufetubus closely misses you.
Casting: Foxfire (safe; 3% risk of failure)
Confirm with . or Enter, or press ? or * to list all spells.
Flames lash the ufetubus.
The ufetubus is burned terribly!
You kill the ufetubus!
The Shining One accepts your kill.
* * * LOW HITPOINT WARNING * * *
You hear a shout!
Casting: Scorch (safe; 4% risk of failure)
Confirm with . or Enter, or press ? or * to list all spells.
Flames lash the orc wizard.
The orc wizard is moderately wounded.
The orc wizard's fire resistance burns away.
* * * LOW HITPOINT WARNING * * *
Casting: Scorch (safe; 4% risk of failure)
Confirm with . or Enter, or press ? or * to list all spells.
You don't have enough health to cast this spell.
The orc wizard attacks as you move away!
The orc wizard misses you.
The orc wizard gestures at you while chanting.
You resist with some effort.
An orc comes into view. It is wielding a +0 falchion.
The orc wizard is no longer more vulnerable to fire.
The orc wizard gestures wildly while chanting.
The orc wizard flickers and vanishes!
Deactivating autopickup; reactivate with Ctrl-A.
Something tries to affect you, but you resist.
An orc breaks down the large door.
A magic dart appears from out of thin air!
The magic dart hits you.
You die...

....... ... ...#.......
... .......... ....
#.......:. .....
#........[
.....####+#####....#####
............##....# #
#......(.''....#####
#..@.....oo.........
#.......[{.####.....
#..........# #.....
#..........# ######
####..........#### #
#................# #
#.....##.........#
#.....##.........#
#.....############


You could see 2 orcs.

Vanquished Creatures
  An orc wizard (D:4)
  2 adders (D:2)
  An ufetubus (D:4)
  A worm (D:2)
  3 dart slugs (D:1)
  An orc (D:2)
  6 endoplasms
  2 giant cockroaches
  7 hobgoblins
  3 quokkas
  7 ball pythons
  5 bats
  2 frilled lizards (D:1)
  6 goblins
  A kobold (D:1)
  2 rats
50 creatures vanquished.

Vanquished Creatures (others)
  182 foxfires
182 creatures vanquished.

Grand Total: 232 creatures vanquished

Notes
Turn   | Place    | Note
-------+----------+-------------------------------------------
     0 | D:1      | unlimited1921 the Djinni Fire Elementalist began the quest
                  | for the Orb.
     0 | D:1      | unlimited1921 set off with the following spells memorised:
                  | Foxfire, Scorch, Conjure Flame, Inner Flame, Flame Wave.
     0 | D:1      | Reached XP level 1. HP: 15/15 MP: 0/0
  1108 | D:1      | Reached XP level 2. HP: 17/21 MP: 0/0
  1708 | D:1      | Reached skill level 3 in Spellcasting
  1912 | D:1      | Reached XP level 3. HP: 20/25 MP: 0/0
  1912 | D:1      | Learned a level 1 spell: Apportation
  3977 | D:2      | Found a hide-covered altar of Uskayaw.
  4282 | D:2      | Reached XP level 4. HP: 19/31 MP: 0/0
  4293 | D:2      | HP: 1/31 [adder (3)]
  5578 | D:2      | You are sucked into a shaft and drop 2 floors!
  5578 | D:4      | Found a staircase to the Ecumenical Temple.
  5582 | Temple   | Entered the Ecumenical Temple
  5589 | Temple   | Became a worshipper of the Shining One
  5783 | D:4      | Reached XP level 5. HP: 26/35 MP: 0/0
  5783 | D:4      | Learned a level 2 spell: Static Discharge
  5802 | D:4      | Killed from afar by an orc wizard

Illustrated notes

Levels and vault maps discovered:
D:1:      dpeg_arrival_oval, layout_rooms, minmay_misc_feat_tower
D:2:      layout_loops_ring, basic_altar
D:4:      layout_basic, mainiacjoe_overflow_surrounded_room,
          minmay_temple_entry_hall, feat_on_display
Temple:   hc_temple_tempest_star

Skill      XL: |  1  2  3 |
---------------+----------+-----
Spellcasting   | 3 |  3.9
Stealth        | 2 |  2.1
Dodging        | |  2.4

Action                   |  1- 3 |  4- 6 || total
-------------------------+-------+-------++-------
 Cast: Foxfire           |    71 |    37 ||   108
       Scorch            |     6 |    11 ||    17
       Apportation       |     1 |       ||     1
  Use: Potion            |     1 |     3 ||     4
Armor: Skin              |       |     4 ||     4
       Robe              |       |     3 ||     3
Dodge: Dodged            |       |     9 ||     9
